 Dungeon Crawl Stone Soup version 0.23.0-3-gf3c87f2 (webtiles) character file.

Game seed: 7197424160909092222

117 Borgoz the Sneak (level 5, -1/31 HPs)
             Began as a Kobold Enchanter on Feb 24, 2019.
             Slain by a worker ant (4 damage)
             ... on level 3 of the Dungeon.
             The game lasted 00:04:55 (2841 turns).

Borgoz the Sneak (Kobold Enchanter)                 Turns: 2841, Time: 00:04:55

Health: -1/31      AC:  6    Str:  5 (6)  XL:     5   Next: 22%
Magic:  8/8        EV: 12    Int: 13 (16) God:
Gold:   160        SH:  0    Dex: 12 (13) Spells: 7/8 levels left

rFire    . . .     SeeInvis .   a - +1 dagger
rCold    . . .     Gourm    .   (shield restricted)
rNeg     . . .     Faith    .   l - +0 ring mail {rPois}
rPois    +         Spirit   .   (no helmet)
rElec    .         Reflect  .   (no cloak)
rCorr    .         Harm     .   g - +0 pair of gloves
MR       .....                  (no boots)
Stlth    ++........             (no amulet)
HPRegen  0.10/turn              h - -3 ring of dexterity (curse)
MPRegen  0.11/turn              (no ring)

@: no status effects
A: small, carnivore
a: no special abilities


You were on level 3 of the Dungeon.
You were completely stuffed.

You visited 1 branch of the dungeon, and saw 3 of its levels.

You collected 160 gold pieces.

Inventory:

Hand Weapons
 a - a +1 dagger (weapon)
 b - a +0 blowgun
Missiles
 m - 5 poisoned needles
Armour
 g - a +0 pair of gloves (worn)
 l - a +0 ring mail of poison resistance (worn)
Jewellery
 h - a cursed -3 ring of dexterity (left hand)
Scrolls
 e - 2 scrolls of identify
 k - a scroll of magic mapping {unknown}
Comestibles
 d - 4 rations
 f - 2 chunks of flesh


   Skills:
 * Level 2.4 Fighting
 * Level 3.2 Short Blades
 + Level 0.1 Armour
 * Level 3.8 Dodging
 + Level 4.7 Stealth
 - Level 2.1 Spellcasting
 - Level 3.0 Hexes


You had 7 spell levels left.
You knew the following spells:

 Your Spells              Type           Power        Failure   Level  Hunger
a - Corona                Hex            #......      34%         1    ##.....

Your spell library contained the following spells:

 Spells                   Type           Power        Failure   Level  Hunger
 Ensorcelled Hibernation  Hex/Ice        #.....       69%         2    ###....
 Confuse                  Hex            #.......     71%         3    ####...
 Tukima's Dance           Hex            #.......     71%         3    ####...
 Dazzling Spray           Conj/Hex       #.....       89%         3    ####...


Dungeon Overview and Level Annotations

Branches:
Dungeon (3/15)

Altars:
Cheibriados


Innate Abilities, Weirdness & Mutations

You are small and have problems with some larger weapons.
You are carnivorous and can eat meat at any time.


Message History

You hit the worker ant but do no damage.
The worker ant is severely wounded.
The worker ant closely misses you.
You barely miss the worker ant.
The worker ant is severely wounded.
The worker ant closely misses you.
You barely miss the worker ant.
The worker ant is severely wounded.
The worker ant bites you.
* * * LOW HITPOINT WARNING * * *
You hit the worker ant.
The worker ant is severely wounded.
The worker ant barely misses you.
You hit the worker ant but do no damage.
The worker ant is severely wounded.
The worker ant bites you but does no damage.
You hit the worker ant but do no damage.
The worker ant is severely wounded.
The worker ant bites you.
You die...

### ..# #.# #.###
....##
.....#############
#.#.†............#
#.#...###### #@#
#.#.........####a###
#.#.#†...........†.#
#.#.........###..#.#
#.#.#..###.. #..#.#
.......# . #..#.#
....#.## #..#.#
.####.# #.<#.# ## .#
...#)#


You could see a worker ant.

Vanquished Creatures
  Terence (D:2)
  3 adders (D:2)
  2 oozes
  A dart slug (D:1)
  A leopard gecko (D:2)
  4 orcs (D:3)
  A ball python (D:3)
  A giant cockroach (D:3)
  6 goblins
  7 hobgoblins
  3 jackals (D:3)
  A quokka (D:3)
  4 bats
  A frilled lizard (D:2)
  4 kobolds
  11 rats
51 creatures vanquished.

Notes
Turn   | Place    | Note
-------+----------+-------------------------------------------
     0 | D:1      | Borgoz the Kobold Enchanter began the quest for the Orb.
     0 | D:1      | Reached XP level 1. HP: 10/10 MP: 3/3
    27 | D:1      | Reached XP level 2. HP: 16/16 MP: 5/5
   547 | D:1      | Reached skill level 1 in Fighting
   575 | D:1      | Reached XP level 3. HP: 16/20 MP: 6/6
  1260 | D:2      | Noticed Terence
  1304 | D:2      | Killed Terence
  1304 | D:2      | Reached XP level 4. HP: 11/26 MP: 7/7
  1873 | D:2      | Found a snail-covered altar of Cheibriados.
  2213 | D:3      | Reached XP level 5. HP: 23/30 MP: 8/8
  2841 | D:3      | Slain by a worker ant

Skill      XL: |  1  2  3  4 |
---------------+-------------+-----
Short Blades   | 2 3 |  3.2
Fighting       | 1 2 |  2.4
Dodging        | 3 |  3.8
Armour         | |  0.1
Stealth        | |  4.7
Spellcasting   | |  2.1
Hexes          | |  3.0

Action                   |  1- 3 |  4- 6 || total
-------------------------+-------+-------++-------
Melee: Dagger            |   119 |   205 ||   324
 Fire: Blowgun           |       |     1 ||     1
  Use: Scroll            |     3 |     1 ||     4
       Potion            |     1 |     4 ||     5
 Stab: Sleeping          |    10 |     6 ||    16
       Distracted        |       |     1 ||     1
  Eat: Chunk             |     9 |     6 ||    15
Armor: Leather armour    |    11 |       ||    11
       Ring mail         |       |    65 ||    65
Dodge: Dodged            |    61 |   131 ||   192
